Map: Para Site LE

Players

StoneTree - Winner!

  • Race: Zerg Zerg
  • Spawn Location: 5:00

DrDetroit

  • Race: Protoss Protoss
  • League: Platinum
  • Spawn Location: 11:00

VOD

Have the link to the VOD?

Description

Time

  • Played on: Nov. 20, 2018, 7:57 p.m.
  • Length: 21:17
Show
View Real Time Build Order
Export as new Build Order

StoneTree Zerg - Winner!

Build Orders: Hatch First, Swarm Host 

Get SALT Encoding   

  12  0:01  Drone  
  13  0:14  Overlord  
  13  0:16  Drone  
  14  0:32  Drone x2  
  16  0:37  Drone  
  17  0:55  Hatchery  
  16  0:59  Drone x2  
  18  1:13  Spawning Pool  
  18  1:15  Drone  
  18  1:19  Drone  
  19  1:33  Drone  
  20  1:50  Overlord  
  20  1:51  Hatchery  
  20  1:53  Overlord  
  19  2:02  Queen  
  21  2:11  Queen  
  23  2:17  Drone x2  
  23  2:21  Drone  
  26  2:29  Zergling x2  
  27  2:31  Drone  
  27  2:32  Drone  
  29  2:38  Queen  
  31  2:53  Queen  
  31  2:55  Drone x4  
  37  3:08  Drone x3  
  40  3:13  Extractor  
  40  3:15  Extractor  
  40  3:18  Drone x3  
  41  3:20  Drone  
  41  3:22  Drone x2  
  41  3:24  Drone x2  
  46  3:39  Drone x4  
  46  3:40  Overlord  
  50  3:41  Overlord  
  50  3:47  Overlord  
  50  3:59  Queen  
  52  4:08  Metabolic Boost  
  52  4:11  Drone x2  
  52  4:12  Drone x9  
  63  4:20  Hatchery  
  63  4:23  Evolution Chamber, Drone x2  
  63  4:24  Overlord  
  63  4:26  Overlord  
  63  4:43  Overlord  
  63  4:44  Overlord  
  63  4:47  Overlord x2  
  63  4:51  Zerg Melee Weapons Level 1  
  63  4:53  Lair  
  63  4:57  Baneling Nest, Drone  
  63  5:01  Zergling x2  
  63  5:02  Zergling x24  
  63  5:04  Zergling x2  
  63  5:06  Spore Crawler  
  76  5:22  Zergling x2  
  76  5:23  Zergling x10  
  82  5:29  Zergling x2  
  82  5:30  Zergling x10  
  82  5:35  Zergling x4  
  89  5:36  Zergling x6  
  89  5:41  Spore Crawler  
  91  5:45  Zergling x4  
  91  5:47  Baneling x4  
  91  5:48  Baneling x5  
  93  5:56  Extractor  
  93  5:57  Extractor  
  91  5:58  Extractor  
  91  5:59  Extractor  
  80  6:16  Drone x6  
  80  6:17  Drone x7  
  87  6:25  Spire  
  78  6:38  Drone x3  
  78  6:39  Overlord x5  
  78  6:41  Spore Crawler  
  70  6:55  Drone  
  70  6:56  Overlord x2, Drone x2  
  70  6:57  Overlord  
  73  7:20  Infestation Pit, Hatchery  
  71  7:40  Mutalisk x2  
  71  7:41  Mutalisk x9  
  93  7:47  Mutalisk  
  95  7:54  Zerg Flyer Weapons Level 1  
  95  8:25  Zergling x34  
  95  8:26  Zergling x10  
  117  8:39  Swarm Host  
  117  8:40  Swarm Host x9  
  145  9:09  Drone x7  
  156  9:10  Drone x14  
  166  9:25  Evolution Chamber  
  166  9:26  Evolution Chamber  
  164  9:43  Overlord, Extractor  
  164  9:44  Overlord  
  163  9:45  Extractor  
  162  9:58  Spine Crawler  
  162  9:59  Spore Crawler, Spine Crawler  
  155  10:00  Spine Crawler  
  155  10:02  Spore Crawler  
  145  10:12  Swarm Host  
  145  10:13  Swarm Host x17  
  199  10:18  Zerg Missile Weapons Level 1  
  199  10:19  Zerg Ground Armor Level 1  
  199  10:29  Evolution Chamber  
  198  10:53  Overseer  
  198  11:04  Drone x2  
  200  11:39  Centrifical Hooks  
  200  11:41  Zerg Melee Weapons Level 2  
  200  11:48  Overseer  
  200  11:50  Baneling  
  200  11:51  Baneling x16  
  200  11:52  Baneling x2  
  200  12:04  Spine Crawler  
  200  12:05  Spine Crawler  
  200  12:07  Spine Crawler  
  200  12:08  Spine Crawler x2  
  196  12:09  Baneling, Spine Crawler  
  196  12:10  Baneling x24  
  194  12:16  Burrow  
  188  12:36  Zergling x4  
  188  12:37  Zergling x4  
  192  12:39  Overlord x2  
  190  12:47  Zerg Ground Armor Level 2, Zerg Missile Weapons Level 2  
  190  12:48  Infestation Pit  
  166  12:59  Zergling x2  
  166  13:00  Zergling x10  
  172  13:08  Drone x23  
  172  13:09  Drone  
  196  13:19  Drone x2  
  198  13:25  Hatchery  
  197  13:35  Hatchery, Spine Crawler  
  197  13:36  Spine Crawler  
  197  13:37  Spine Crawler  
  197  13:38  Spore Crawler, Spine Crawler  
  197  13:39  Spine Crawler  
  184  13:45  Swarm Host  
  184  13:46  Swarm Host x4  
  196  14:35  Corruptor  
  196  14:37  Drone  
  199  14:49  Baneling  
  199  14:50  Baneling x14  
  188  15:34  Drone x5  
  188  15:35  Drone x3  
  196  15:40  Spine Crawler  
  196  15:41  Spine Crawler  
  193  15:43  Spore Crawler  
  193  15:44  Spine Crawler  
  193  15:46  Spore Crawler  
  193  15:49  Spine Crawler  
  189  15:50  Spine Crawler  
  189  15:51  Spine Crawler  
  189  15:52  Spine Crawler x4  
  183  15:57  Spine Crawler  
  182  16:04  Drone x3  
  185  16:31  Zergling x2  
  185  16:32  Zergling x26  
  164  18:02  Swarm Host  
  164  18:03  Swarm Host x11  
  164  18:05  Spine Crawler x2  
  199  18:06  Spore Crawler  
  199  18:07  Spore Crawler, Spine Crawler  
  199  18:08  Spine Crawler  
  199  18:09  Spine Crawler  
  183  19:00  Drone x4  
  183  19:01  Drone x13  
  200  19:21  Extractor  
  200  19:22  Extractor  
  198  19:34  Extractor  
  197  19:39  Extractor  
  197  19:45  Spine Crawler  
  195  19:46  Spine Crawler x2  
  195  19:47  Spine Crawler  
  195  19:48  Spine Crawler x3  
  195  19:49  Spine Crawler x3  
  195  19:50  Spine Crawler x3  
  195  19:51  Spine Crawler  
  182  19:54  Spine Crawler x2  
  178  20:46  Spore Crawler  
Show
View Real Time Build Order
Export as new Build Order

DrDetroit Protoss 

Build Orders: 1 Gate Expand 

Get SALT Encoding   

  12  0:01  Probe  
  13  0:13  Probe  
  14  0:19  Pylon  
  14  0:25  Probe  
  15  0:36  Probe  
  15  0:38  Gateway  
  16  0:44  Probe  
  17  0:52  Probe  
  18  1:04  Probe  
  19  1:21  Nexus  
  19  1:28  Probe  
  19  1:29  Cybernetics Core  
  20  1:36  Assimilator, Probe  
  20  1:44  Pylon  
  20  1:47  Probe  
  22  1:56  Assimilator  
  22  1:59  Probe  
  23  2:11  Probe  
  24  2:17  Stalker  
  24  2:20  Gateway  
  24  2:23  Probe  
  24  2:24  Warp Gate  
  27  2:35  Probe  
  27  2:36  Probe  
  29  2:47  Probe  
  30  2:51  Adept  
  30  2:52  Probe  
  33  2:59  Probe, Robotics Facility  
  34  3:07  Adept  
  34  3:10  Probe  
  37  3:13  Probe  
  37  3:15  Assimilator  
  38  3:21  Adept  
  38  3:22  Probe  
  38  3:26  Probe  
  42  3:29  Pylon  
  42  3:35  Stalker  
  44  3:50  Probe x2  
  44  3:51  Pylon  
  46  3:56  Pylon  
  46  3:57  Gateway x2  
  46  4:02  Adept  
  48  4:08  Forge  
  48  4:13  Twilight Council  
  48  4:14  Observer, Probe x2  
  50  4:18  Assimilator  
  50  4:23  Protoss Ground Weapons Level 1  
  51  4:26  Probe  
  51  4:30  Sentry  
  54  4:31  Probe  
  54  4:32  Observer  
  56  4:45  Probe x2, Immortal  
  58  4:47  Gateway  
  58  4:48  Gateway  
  58  4:57  Probe  
  63  5:01  Probe  
  64  5:10  Probe  
  65  5:24  Pylon  
  65  5:26  Nexus  
  65  5:27  Stalker x2  
  69  5:32  Probe  
  70  5:39  Pylon  
  70  5:41  Pylon  
  70  5:43  Probe  
  70  5:44  Pylon  
  70  5:46  Adept x2  
  70  5:47  Sentry  
  70  5:48  Probe  
  78  5:57  Shield Battery  
  78  6:04  Immortal  
  78  6:05  Shield Battery  
  78  6:06  Sentry  
  80  6:14  Shield Battery  
  70  6:20  Adept x3  
  70  6:24  Adept  
  61  6:40  Stalker  
  61  6:42  Stalker  
  61  6:43  Stalker x2  
  61  6:56  Probe x3  
  61  6:59  Stalker  
  66  7:05  Protoss Ground Weapons Level 2  
  66  7:09  Probe x3  
  66  7:10  Gateway x2  
  66  7:11  Adept x2  
  66  7:13  Sentry x2  
  77  7:20  Immortal  
  77  7:23  Templar Archives  
  77  7:24  Probe x3  
  77  7:29  Pylon  
  80  7:31  Pylon  
  84  7:38  Probe x3  
  87  7:45  Adept  
  87  7:48  Charge  
  87  7:50  Probe x2  
  91  7:51  Assimilator  
  91  7:55  Assimilator  
  91  7:56  Probe  
  92  7:58  Shield Battery  
  92  8:02  High Templar x4, Probe, Shield Battery  
  92  8:05  Zealot x2  
  105  8:06  Probe, Observer  
  105  8:12  Probe  
  107  8:14  Probe, Immortal  
  107  8:19  Probe  
  109  8:20  Zealot  
  115  8:37  Archon x2  
  115  8:39  Stalker x3  
  115  8:40  Stalker x3  
  119  8:54  Stalker  
  115  9:08  High Templar x2  
  118  9:10  Zealot x3  
  118  9:12  Probe  
  118  9:13  Protoss Ground Weapons Level 3  
  125  9:23  Archon, Shield Battery  
  125  9:25  Shield Battery  
  125  9:28  Shield Battery  
  125  9:31  Photon Cannon  
  125  9:32  Photon Cannon  
  125  9:34  Pylon  
  125  9:38  Pylon  
  125  9:42  Pylon  
  125  9:45  Pylon  
  125  9:47  Photon Cannon  
  128  9:52  Probe x3  
  128  10:05  Stalker, Probe  
  128  10:06  Stalker  
  133  10:07  Stalker x3  
  133  10:09  High Templar x2  
  141  10:15  Observer  
  142  10:24  Archon  
  142  10:25  Probe  
  142  10:26  Probe  
  144  10:30  Immortal  
  144  10:35  Pylon  
  144  10:40  Gateway  
  148  10:43  Gateway  
  148  10:46  Gateway  
  148  10:48  Pylon, Gateway  
  148  10:50  Pylon  
  148  10:51  Pylon  
  148  10:52  High Templar x2  
  148  10:54  High Templar  
  148  10:55  High Templar  
  148  10:56  Pylon  
  148  10:57  Zealot x2  
  158  10:58  Pylon  
  158  11:00  Pylon  
  158  11:01  Archon x2  
  160  11:05  Zealot  
  162  11:21  Gateway  
  162  11:26  High Templar x2  
  162  11:27  High Templar x2, Gateway  
  162  11:28  Gateway, Zealot x3  
  176  11:36  Archon x2  
  176  11:40  Zealot x3  
  157  11:47  Immortal  
  146  12:06  Pylon  
  146  12:07  Pylon  
  146  12:08  Probe x3  
  148  12:09  Photon Cannon  
  148  12:11  Photon Cannon  
  148  12:15  Photon Cannon  
  149  12:16  Stalker x2  
  115  12:42  High Templar x2, Immortal  
  115  12:43  High Templar x2  
  115  12:44  High Templar x2  
  127  12:45  Zealot x2  
  127  12:46  Probe  
  88  13:01  Probe  
  88  13:02  Probe x2  
  91  13:14  Probe  
  91  13:16  High Templar x2  
  91  13:19  High Templar x2  
  99  13:20  Zealot x3  
  99  13:21  Zealot x2  
  99  13:22  Archon  
  99  13:25  Archon x3  
  109  13:28  Archon  
  107  13:44  Zealot x4  
  107  13:45  Zealot x2  
  110  13:58  High Templar  
  110  13:59  High Templar  
  100  14:20  Probe x3  
  100  14:21  High Templar  
  100  14:22  High Templar x2  
  100  14:23  High Templar, Protoss Shields Level 1  
  111  14:25  Zealot  
  111  14:27  Archon x2  
  111  14:29  Archon  
  109  14:34  Probe x3  
  104  14:45  High Templar x2  
  104  14:46  Probe  
  104  14:47  Zealot  
  104  14:50  Archon  
  107  14:53  Nexus  
  107  14:55  Probe x2  
  107  14:56  Pylon  
  107  14:59  Pylon  
  109  15:12  High Templar x2  
  109  15:13  Zealot  
  109  15:14  Zealot x2  
  98  15:41  Photon Cannon  
  98  15:43  Photon Cannon  
  98  15:44  Photon Cannon  
  98  15:46  Photon Cannon  
  98  15:48  Photon Cannon  
  98  15:55  Cybernetics Core  
  98  16:00  Photon Cannon x2, Assimilator  
  98  16:01  High Templar x2  
  98  16:02  High Templar, Assimilator  
  98  16:03  High Templar  
  106  16:05  High Templar  
  106  16:07  High Templar  
  106  16:08  Archon  
  110  16:13  Archon x2  
  110  16:22  Pylon  
  110  16:38  High Templar x2  
  110  16:41  Zealot x4  
  110  16:42  Zealot x2  
  110  16:46  Archon  
  116  16:57  High Templar  
  118  17:02  High Templar  
  118  17:03  Zealot x5  
  116  17:14  Archon  
  114  17:16  High Templar x2  
  114  17:18  Probe x3  
  114  17:21  Protoss Shields Level 2  
  121  17:30  Shield Battery  
  121  17:34  Shield Battery  
  121  17:37  Shield Battery  
  121  17:39  Shield Battery  
  99  17:55  High Templar x2  
  99  17:56  Zealot x7  
  99  17:58  Archon  
  117  17:59  Archon  
  117  18:12  Observer  
  118  18:17  High Templar  
  118  18:19  Zealot x6  
  86  18:41  High Templar  
  86  18:42  High Templar  
  86  18:43  Zealot x6  
  90  18:59  Zealot  
  90  19:06  Zealot x6  
  90  19:08  Archon  
  102  19:29  High Templar  
  102  19:30  High Templar  
  102  19:31  Zealot x6  
  116  19:43  Pylon  
  116  19:45  Pylon, Nexus  
  88  19:48  Archon  
  78  19:57  High Templar  
  78  19:58  High Templar  
  78  19:59  Zealot x3  
  84  20:00  Zealot x2  
  84  20:04  Observer  
  89  20:07  Archon  
  88  20:26  High Templar x2  
  88  20:27  Zealot x5  
  73  20:36  Zealot x2  
  73  20:38  Probe x3  
  73  20:49  High Templar x2  
  77  20:50  Archon  
  75  21:08  Assimilator  
  75  21:09  Zealot x4  
  75  21:10  Zealot x3  
Tags
 
Add a new tag
Caveats
  • Supply blocks, unpowered buildings, or Contaminate may cause inaccurate times.
  • Supply counts are checked every 10 seconds.